 Dungeon Crawl Stone Soup version 0.27.0-1-g7a089689b8 (webtiles) character file.

Game seed: 8335617111793930056

427 tbh1313 the Cleaver (level 6, -4/51 HPs)
             Began as a Minotaur Berserker on Aug 1, 2021.
             Was a Priest of Trog.
             Slain by an ogre (18 damage)
             ... on level 4 of the Dungeon.
             The game lasted 00:06:21 (3195 turns).

tbh1313 the Cleaver (Minotaur Berserker)            Turns: 3195, Time: 00:06:21

Health: -4/51      AC:  9    Str: 22    XL:     6   Next: 65%
Magic:  5/5        EV: 10    Int:  5    God:    Trog [***...]
Gold:   258        SH:  0    Dex: 10    Spells: 5/5 levels left

rFire    + . .     SeeInvis .   a - +0 hand axe
rCold    . . .     Faith    .   (no shield)
rNeg     . . .     Spirit   .   d - +2 scale mail {rF+}
rPois    .         Reflect  .   (helmet restricted)
rElec    .         Harm     .   f - +0 cloak
rCorr    .         Rampage  .   (no gloves)
Will     .....                  (no boots)
Stlth    ..........             (no amulet)
HPRegen  0.17/turn              (no ring)
MPRegen  0.09/turn              (no ring)

@: no status effects
A: horns 2, retaliatory headbutt
a: Renounce Religion, Berserk, Trog's Hand


You were on level 4 of the Dungeon.
You worshipped Trog.
Trog was most pleased with you.
You visited 1 branch of the dungeon, and saw 4 of its levels.

You collected 258 gold pieces.

Inventory:

Hand Weapons
 a - a +0 hand axe (weapon)
Missiles
 e - 30 stones (quivered)
Armour
 d - a +2 scale mail of fire resistance (worn)
 f - a +0 cloak (worn)
Scrolls
 k - a scroll of acquirement {unknown}
Potions
 b - a potion of resistance
 c - a potion of berserk rage {unknown}
 g - a potion of magic {unknown}
 h - a potion of degeneration {unknown}
 i - 4 potions of flight
 j - 2 potions of brilliance
 l - a potion of haste {unknown}


   Skills:
 - Level 3.6 Fighting
 + Level 9.1 Axes
 - Level 2.4 Armour
 - Level 2.1 Dodging


You had 5 spell levels left.
You didn't know any spells.
Your spell library contained the following spells:

 Spells                   Type           Power      Damage    Failure   Level
 Blink                    Tloc           N/A        N/A       91%         2
 Slow                     Hex            0%         N/A       91%         2
 Confusing Touch          Hex            0%         N/A       99%         3
 Lesser Beckoning         Tloc           0%         N/A       99%         3
 Vampiric Draining        Necr           0%         2d6       99%         3
 Manifold Assault         Tloc           0%         N/A       100%        5


Dungeon Overview and Level Annotations

Branches:
Dungeon (4/15)
 Temple: D:4-7

Altars:
Dithmenos


Innate Abilities, Weirdness & Mutations

You have a pair of horns on your head.
You reflexively headbutt those who attack you in melee.


Message History

Throw: 33 stones
Press: ? - help, Q - select action, (/) - cycle Shift-Dir - straight line, f - ogre
Aim: an ogre, wielding a +0 giant spiked club (72% to hit)
You throw a stone. The stone barely misses the ogre.
Throw: 32 stones
Press: ? - help, Q - select action, (/) - cycle Shift-Dir - straight line, f/p - ogre
Aim: an ogre, wielding a +0 giant spiked club (72% to hit)
You throw a stone. The stone hits the ogre.
The ogre is lightly wounded.
Throw: 31 stones
Press: ? - help, Q - select action, (/) - cycle Shift-Dir - straight line, f/p - ogre
Aim: an ogre, wielding a +0 giant spiked club (lightly wounded, 72% to hit)
You throw a stone.
The stone hits the ogre but does no damage.
The ogre is lightly wounded.
You slash the iguana!
You headbutt the iguana, but do no damage.
The iguana is heavily wounded.
The iguana bites you.
You closely miss the iguana. You headbutt the iguana!
You kill the iguana!
Trog accepts your kill.
You closely miss the ogre.
The ogre is lightly wounded.
You hit the ogre. You headbutt the ogre!
The ogre is heavily wounded.
The ogre closely misses you.
You completely miss the ogre. Your headbutt misses the ogre.
The ogre is heavily wounded.
The ogre hits you with a +0 giant spiked club.
You hit the ogre.
The ogre is severely wounded.
You hit the ogre.
The ogre is almost dead.
The ogre hits you with a +0 giant spiked club!!
Ouch! That really hurt!
You hit the ogre.
The ogre is almost dead.
The ogre hits you with a +0 giant spiked club!!
You die...

...## ......# #..#
##.#..#..# #..#
##.#..#..# #.(#
......... ####..#
##.#..... ..##.(#
#.....#.# #.##.(
#.....#.# #.##O#
<.....#.# #.##@#
........#####.##.##
......#...........#
.....#..#......#..#
......#(#...#.##.....
....###.##.#####.#####
........##.# #.#
###.######.# #.# # #.#
#.# #..


You could see an ogre.

Levels and vault maps discovered:
D:1:      saegor_arrival_simple_b, layout_loops_corners,
          shapermc_ecumenical_altar_acropolis, minmay_pentomino_z4
D:2:      layout_basic, basic_altar, uniq_terence, uniq_crazy_yiuf_cottage
D:3:      layout_basic
D:4:      layout_loops_ring, tgw_fedhas, minmay_ruptured

Notes
Turn   | Place    | Note
-------+----------+-------------------------------------------
     0 | D:1      | tbh1313 the Minotaur Berserker began the quest for the Orb.
     0 | D:1      | Reached XP level 1. HP: 19/19 MP: 0/0
    87 | D:1      | Reached skill level 4 in Axes
   275 | D:1      | Found a faded altar of an unknown god.
   286 | D:1      | Reached XP level 2. HP: 26/26 MP: 1/1
   864 | D:1      | Reached skill level 5 in Axes
  1076 | D:1      | Reached XP level 3. HP: 31/31 MP: 2/2
  1127 | D:2      | Found a shadowy altar of Dithmenos.
  1243 | D:2      | Noticed Terence
  1255 | D:2      | Killed Terence
  1256 | D:2      | Reached skill level 6 in Axes
  1256 | D:2      | Reached XP level 4. HP: 30/39 MP: 3/3
  1480 | D:2      | Reached ** piety under Trog
  1911 | D:2      | Found a runed translucent door.
  1911 | D:2      | Noticed Crazy Yiuf
  2011 | D:2      | Killed Crazy Yiuf
  2012 | D:2      | Reached skill level 7 in Axes
  2012 | D:2      | Reached XP level 5. HP: 45/45 MP: 4/4
  2743 | D:4      | Noticed a phantom
  2756 | D:4      | Reached skill level 8 in Axes
  2761 | D:4      | Killed a phantom
  2762 | D:4      | Reached XP level 6. HP: 28/51 MP: 5/5
  3103 | D:4      | Reached *** piety under Trog
  3153 | D:4      | Reached skill level 9 in Axes
  3195 | D:4      | Slain by an ogre

Table legend: (Time is in decaauts)
 A = Elapsed time spent in this place.
 B = Non-inter-level travel time spent in this place.
 C = Inter-level travel time spent in this place.
 D = Time resting spent in this place.
 E = Time spent auto-exploring this place.
 F = Levels seen in this place.
 G = Mean time per level.
                   A        B        C        D        E       F      G
               +--------+--------+--------+--------+--------+-----+--------+
         Total |   3214 |   3083 |    131 |    478 |   2124 |   4 |  803.5 |
       Dungeon |   3214 |   3083 |    131 |    478 |   2124 |   4 |  803.5 |
               +--------+--------+--------+--------+--------+-----+--------+

Top non-repeatable levels by time:
     D:1: 1131 daAuts
     D:2: 990 daAuts
     D:3: 764 daAuts
     D:4: 329 daAuts

Table legend:
 A = Kills in this place as a percentage of kills in entire the game.
 B = Kills by you in this place as a percentage of kills by you in the entire game.
 C = Kills by friends in this place as a percentage of kills by friends in the entire game.
 D = Other kills in this place as a percentage of other kills in the entire game.
 E = Experience gained in this place as a percentage of experience gained in the entire game.
 F = Experience gained in this place divided by the number of levels of this place that you have seen.
                   A       B       C       D       E      F
               +-------+-------+-------+-------+-------+----------------------
         Total | 100.0 | 100.0 |   N/A |   N/A | 100.0 | 152.8
       Dungeon | 100.0 | 100.0 |   N/A |   N/A | 100.0 | 152.8
               +-------+-------+-------+-------+-------+----------------------

Action                   |  1- 3 |  4- 6 || total
-------------------------+-------+-------++-------
Melee: Hand axe          |    47 |   120 ||   167
       Headbutt          |     7 |    19 ||    26
Throw: Stone             |     8 |     3 ||    11
Invok: Berserk           |     1 |     2 ||     3
       Trog's Hand       |       |     1 ||     1
  Use: Scroll            |     1 |     4 ||     5
Armor: Animal skin       |     4 |       ||     4
       Ring mail         |     4 |       ||     4
       Scale mail        |     6 |    40 ||    46
Dodge: Dodged            |    31 |    54 ||    85

Vanquished Creatures
  A phantom (D:4)
  A hound (D:4)
  Crazy Yiuf (D:2)
  An orc priest (D:3)
  An iguana (D:4)
  Terence (D:2)
  A hound skeleton (D:4)
  3 gnolls (D:4)
  9 adders
  An adder skeleton (D:3)
  2 worms
  4 dart slugs
  4 orcs (D:3)
  7 bats
  7 endoplasms
  7 goblins
  6 hobgoblins
  5 jackals
  A quokka (D:1)
  6 ball pythons
  2 frilled lizards
  8 kobolds
  A rat (D:1)
80 creatures vanquished.
